 Dungeon Crawl Stone Soup version 0.30-a0-263-ge22c4ad894 (webtiles) character file.

Game seed: 15626367323567885425

53 Anon1729 the Trooper (level 3, -1/29 HPs)
             Began as a Mummy Monk on Oct 13, 2022.
             Slain by a gnoll
             ... wielding a +0 halberd
              (9 damage)
             ... on level 2 of the Dungeon.
             The game lasted 00:01:55 (1318 turns).

Anon1729 the Trooper (Mummy Monk)                   Turns: 1318, Time: 00:01:56

Health: -1/29      AC:  6    Str: 16    XL:     3   Next: 62%
Magic:  3/3        EV: 11    Int:  9    God:
Gold:   58         SH:  0    Dex: 14    Spells: 2/2 levels left

rFire   x . .      SeeInvis .    a - +0 spear
rCold   + + .      Faith    +    (no shield)
rNeg    + + +      Spirit   .    c - +0 ring mail
rPois   ∞          Reflect  .    (no helmet)
rElec   .          Harm     .    e - +0 cloak
rCorr   .          Rampage  .    (no gloves)
Will    .....                    (no boots)
Stlth   +.........               (no amulet)
HPRegen 0.24/turn                f - ring of protection from cold
MPRegen 0.08/turn                (no ring)

@: no status effects
A: cold resistance 1, negative energy resistance 3, torment resistance 2, heat
vulnerability 1, in touch with death 1, no potions, faith
a: no special abilities


You were on level 2 of the Dungeon.
You visited 1 branch of the dungeon, and saw 3 of its levels.

You collected 58 gold pieces.

Inventory:

Hand Weapons
 a - a +0 spear (weapon)
Armour
 b - a +0 robe
 c - a +0 ring mail (worn)
 e - a +0 cloak (worn)
Jewellery
 f - a ring of protection from cold (left hand)
 i - an amulet of magic regeneration
Scrolls
 d - a scroll of noise {unknown}
 g - a scroll of amnesia {unknown}
 h - a scroll of fear {unknown}


   Skills:
 + Level 3.6 Fighting
 - Level 2.4(2.6) Polearms
 + Level 1.4(2.1) Staves
 + Level 1.3 Armour
 - Level 2.4 Dodging
 - Level 1.5 Stealth


You had 2 spell levels left.
You didn't know any spells.
Your spell library contained the following spells:

 Spells                   Type           Power      Damage    Failure   Level
 Dazzling Flash           Conj/Hex       0%         N/A       93%         3
 Inner Flame              Hex/Fire       0%         N/A       93%         3
 Animate Dead             Necr           0%         N/A       100%        4
 Flame Wave               Conj/Fire      0%         2d4       100%        4
 Sticky Flame             Conj/Fire      0%         2d3       100%        4
 Agony                    Necr           0%         N/A       100%        5
 Silence                  Hex/Air        0%         N/A       100%        5
 Haunt                    Necr/Summ      0%         N/A       100%        7
 Infestation              Necr           0%         N/A       100%        8


Dungeon Overview and Level Annotations

Branches:
Dungeon (3/15)

Altars:

Shops:
D:2 [

Annotations:
D:3 Ijyb


Innate Abilities, Weirdness & Mutations

You are immune to poison.
Your flesh is cold resistant. (rC+)
You are immune to negative energy. (rN+++)
You are immune to unholy pain and torment.
You are vulnerable to heat. (rF-)
You are in touch with the powers of death.
You do not drink.
You have a special connection with the divine. (Faith)


Message History

You barely miss the orc. You hit the orc.
The orc is heavily wounded.
Ijyb attacks as you move away! Ijyb closely misses you.
You hit the orc.
The orc is severely wounded.
The orc barely misses you.
You hit the orc.
You kill the orc!
The orc attacks as you move away! The orc barely misses you.
The orc attacks as you move away! The orc hits you with a +0 flail.
You hit the orc.
The orc is heavily wounded.
The orc hits you with a +0 flail!
You hit the orc but do no damage.
The orc is heavily wounded.
The orc closely misses you.
You hit the orc but do no damage.
The orc is heavily wounded.
The orc hits you with a +0 flail!
You are too injured to fight recklessly!
You hit the orc but do no damage.
The orc is heavily wounded.
The orc closely misses you.
You hit the orc but do no damage.
The orc is heavily wounded.
The orc closely misses you.
You closely miss the orc.
The orc is heavily wounded.
The orc closely misses you.
You hit the orc but do no damage.
The orc is heavily wounded.
The orc hits you with a +0 flail!
* * * LOW HITPOINT WARNING * * *
The orc attacks as you move away! The orc barely misses you.
Ijyb screams, "I cut your head off!"
There is a stone staircase leading up here.
The orc hits you but does no damage.
You climb upwards.
The gnoll hits you with a +0 halberd!
You die...

###### ..)..# ####.#
.....#### ####....# #
#.##.########## #
#...#>........# #
####.########o# # #.# #@#
# #.# #g# # #.# ###.### #
#.# #...g.# #
#.######.#g#.##
#######..........g..####
.............÷.#.#..##.##
#############...÷...#.#.##
#.......g....##


You could see 4 gnolls and an orc.

Vanquished Creatures
  A worm (D:2)
  A dart slug (D:2)
  An orc (D:3)
  4 ball pythons
  3 bats
  8 endoplasms
  3 giant cockroaches (D:1)
  4 goblins
  4 hobgoblins
  3 jackals (D:1)
  4 kobolds
  A quokka (D:2)
  A frilled lizard (D:2)
  A rat (D:1)
39 creatures vanquished.

Notes
Turn   | Place    | Note
-------+----------+-------------------------------------------
     0 | D:1      | Anon1729 the Mummy Monk began the quest for the Orb.
     0 | D:1      | Reached XP level 1. HP: 18/18 MP: 1/1
   158 | D:1      | Reached XP level 2. HP: 24/24 MP: 2/2
   271 | D:1      | Reached skill level 1 in Armour
   325 | D:1      | Reached skill level 1 in Staves
   519 | D:1      | Gained mutation: You are in touch with the powers of death.
                  | [Mummy growth]
   519 | D:1      | Reached XP level 3. HP: 29/29 MP: 3/3
  1046 | D:2      | Found Jeppeo's Armour Shoppe.
  1294 | D:3      | Noticed Ijyb
  1318 | D:2      | Slain by a gnoll

Illustrated notes

Levels and vault maps discovered:
D:1:      mainiacjoe_arrival_reflecting_pool, layout_basic
D:2:      layout_loops_ring, serial_shops, shop
D:3:      cheibrodos_greedy_goblins, layout_loops_ring,
          ashenzari_conservatory_becter, minmay_misc_feat_chi, uniq_natasha,
          uniq_grinder, uniq_robin, uniq_ijyb

Skill      XL: |  1  2 |
---------------+-------+-----
Armour         | 1 |  1.3
Staves         | 1 |  1.4
Fighting       | |  3.6
Polearms       | |  2.4
Dodging        | |  2.4
Stealth        | |  1.5

Action                   || total
-------------------------++-------
Melee: Spear             ||   165
       Punch             ||     3
 Stab: Sleeping          ||     7
       Distracted        ||     1
Armor: Robe              ||     3
       Ring mail         ||    24
Dodge: Dodged            ||    70

Table legend: (Time is in decaauts)
 A = Elapsed time spent in this place.
 B = Non-inter-level travel time spent in this place.
 C = Inter-level travel time spent in this place.
 D = Time resting spent in this place.
 E = Time spent auto-exploring this place.
 F = Levels seen in this place.
 G = Mean time per level.
                   A        B        C        D        E       F      G
               +--------+--------+--------+--------+--------+-----+--------+
         Total |   1312 |   1290 |     22 |     42 |    863 |   3 |  437.3 |
       Dungeon |   1312 |   1290 |     22 |     42 |    863 |   3 |  437.3 |
               +--------+--------+--------+--------+--------+-----+--------+

Top non-repeatable levels by time:
     D:1: 676 daAuts
     D:2: 570 daAuts
     D:3: 65 daAuts
